 Dungeon Crawl Stone Soup version 0.30.1-3-gfc49f6343a (webtiles) character file.

Game seed: 1286277720608565759

40 spardeous the Conjurer (level 3, -1/26 HPs)
             Began as a Demigod Conjurer on Aug 5, 2023.
             Slain by a gnoll
             ... wielding a +0 halberd
              (11 damage)
             ... on level 2 of the Dungeon.
             The game lasted 00:02:01 (1901 turns).

spardeous the Conjurer (Demigod Conjurer)           Turns: 1901, Time: 00:02:02

Health: -1/26      AC:  3    Str:  8    XL:     3   Next: 14%
Magic:  3/9        EV: 12    Int: 24    God:
Gold:   54         SH:  0    Dex: 12    Spells: 4/7 levels left

rFire   . . .        (no weapon)
rCold   . . .        (no shield)
rNeg    . . .        a - +0 robe
rPois   .            (no helmet)
rElec   .            (no cloak)
rCorr   .            (no gloves)
SInv    .            o - +0 pair of boots
Will    .....        (no amulet)
Stlth   ++           (no ring)
HPRegen 0.24/turn    (no ring)
MPRegen 0.11/turn

%: no passive effects
@: no status effects
A: high MP 1, forlorn, divine attributes
a: no special abilities


You were on level 2 of the Dungeon.
You visited 1 branch of the dungeon, and saw 2 of its levels.

You collected 54 gold pieces.

Inventory:

Armour
 a - a +0 robe (worn)
 o - a +0 pair of boots (worn)
Scrolls
 e - a scroll of acquirement {unknown}
 f - 4 scrolls of identify {unknown}
 h - a scroll of enchant weapon {unknown}
 j - a scroll of vulnerability {unknown}
 k - 2 scrolls of immolation {unknown}
 l - a scroll of fog {unknown}
 m - 2 scrolls of magic mapping {unknown}
 n - a scroll of fear {unknown}
Potions
 b - a potion of magic
 c - 2 potions of curing {unknown}
 d - a potion of flight {unknown}
 g - a potion of attraction {unknown}
 i - a potion of degeneration {unknown}


   Skills:
 - Level 1.7 Dodging
 - Level 1.7 Stealth
 + Level 2.5 Spellcasting
 + Level 4.2 Conjurations


You had 4 spell levels left.
You knew the following spells:

 Your Spells              Type           Power      Damage    Failure   Level
a - Magic Dart            Conj           92%        1d7       1%          1
b - Searing Ray           Conj           46%        2d6       3%          2

Your spell library contained the following spells:

 Spells                   Type           Power      Damage    Failure   Level
 Kiss of Death            Conj/Necr      52%        2d9       4%          1
 Slow                     Hex            12%        N/A       12%         1
 Dazzling Flash           Conj/Hex       26%        N/A       14%         3
 Blink                    Tloc           6%         N/A       17%         2
 Confusing Touch          Hex            3%         N/A       34%         3
 Portal Projectile        Hex/Tloc       6%         N/A       34%         3
 Tukima's Dance           Hex            3%         N/A       34%         3
 Vampiric Draining        Necr           3%         2d6       34%         3
 Fulminant Prism          Conj/Hex       6%         3d7       43%         4
 Iskenderun's Mystic Bla  Conj/Tloc      13%        2d5       43%         4
 Dispel Undead            Necr           3%         3d7       75%         4
 Manifold Assault         Tloc           3%         N/A       75%         4
 Blade Hands              Tmut           1%         N/A       97%         5
 Storm Form               Tmut/Air       1%         N/A       100%        7


Dungeon Overview and Level Annotations

Branches:
Dungeon (2/15)


Innate Abilities, Weirdness & Mutations

You have an increased reservoir of magic. (+10% MP)
You shall have no god before yourself.
Your divine heritage dramatically boosts your attributes as you level up.


Message History

Casting: Magic Dart (safe; 1% risk of failure)
Confirm with . or Enter, or press ? or * to list all spells.
Aiming: Magic Dart (safe; 1% risk of failure)
Press: ? - help, Shift-Dir - straight line, f/p - gnoll
Aim: a gnoll, wielding a +0 flail (lightly wounded, 100% to hit)
The magic dart hits the gnoll.
The gnoll is moderately wounded.
You now have 6/9 mp.
There are monsters nearby!
Casting: Magic Dart (safe; 1% risk of failure)
Confirm with . or Enter, or press ? or * to list all spells.
Aiming: Magic Dart (safe; 1% risk of failure)
Press: ? - help, Shift-Dir - straight line, f/p - gnoll
Aim: a gnoll, wielding a +0 flail (moderately wounded, 100% to hit)
The magic dart hits the gnoll.
The gnoll is moderately wounded.
The gnoll hits you but does no damage.
You now have 5/9 mp.
Unknown command.
A gnoll comes into view. It is wielding a +0 spear.
The gnoll shouts!
The gnoll hits you with a +0 flail!
The gnoll hits you from afar with a +0 halberd!
* * * LOW HITPOINT WARNING * * *
The gnoll moves out of view.
You take 17 damage, and have 9/26 hp.
MASSIVE DAMAGE!!
Casting: Magic Dart (safe; 1% risk of failure)
Confirm with . or Enter, or press ? or * to list all spells.
Aiming: Searing Ray (safe; 3% risk of failure)
Press: ? - help, Shift-Dir - straight line, f/p - gnoll
Aim: a gnoll, wielding a +0 flail (moderately wounded, 81% to hit)
The searing ray hits the gnoll!
You kill the gnoll!
The searing ray hits the gnoll!
The gnoll is heavily wounded.
The searing ray hits the gnoll.
The gnoll is moderately wounded. (Press . to maintain the ray.)
The gnoll hits you from afar with a +0 halberd!
You die...

# #.......#.##..# # #
#######.###..##.#..##.#..#
...........##....##....#
...........#..##.#..#
...####.##..#.##..#.##
..## #.#####....##g.. #.#
#.# #..#.##gg#.## #.# #.#
#..##.#).##. #.# #>#
###...@##....# #.#
#.####..##.#..##.# #.#
#.....#.##..#.# .. #.#
#######....##..
#.#########..#.##..#.
#...#....)...##.#..##.
###.#.#######....##...
#.#.# # #..##.#..# #.#<#
#..#.##..# ##


You could see 3 gnolls.

Vanquished Creatures
  A gnoll (D:2)
  A worm (D:2)
  3 ball pythons (D:2)
  3 bats
  2 endoplasms
  2 giant cockroaches
  5 goblins
  4 hobgoblins
  4 jackals (D:1)
  A quokka (D:2)
  4 frilled lizards
  A kobold (D:1)
  3 rats
34 creatures vanquished.

Notes
Turn   | Place    | Note
-------+----------+-------------------------------------------
     0 | D:1      | spardeous the Demigod Conjurer began the quest for the Orb.
     0 | D:1      | Reached XP level 1. HP: 14/14 MP: 5/5
   312 | D:1      | Reached XP level 2. HP: 9/20 MP: 0/7
   717 | D:1      | Reached skill level 4 in Conjurations
   845 | D:1      | You fall into a shaft and drop 1 floor!
  1488 | D:1      | Learned a level 2 spell: Searing Ray
  1600 | D:2      | Reached XP level 3. HP: 26/26 MP: 7/9
  1901 | D:2      | Slain by a gnoll

Illustrated notes

Levels and vault maps discovered:
D:1:      minmay_arrival_plants_in_alcoves, layout_basic
D:2:      layout_loops_ring, mrwooster_statue_mirror, kennysheep_flooded_box,
          minmay_door_square, nicolae_eternal_life

Skill      XL: |  1  2 |
---------------+-------+-----
Spellcasting   | 2 |  2.5
Conjurations   | 4 |  4.2
Dodging        | |  1.7
Stealth        | |  1.7

Action                     || total
---------------------------++-------
   Cast: Magic Dart        ||    83
         Searing Ray       ||     1
 Armour: Robe              ||    20
  Dodge: Dodged            ||    50
